 Dungeon Crawl Stone Soup version 0.19-a0-1937-g70ed36a (webtiles) character file.

516 JeffiDaFish the Chopper (level 7, 0/61 HPs)
             Began as a Hill Orc Fighter on Oct 27, 2016.
             Slain by an ogre
             ... wielding a +0 giant club
              (2 damage)
             ... on level 4 of the Dungeon.
             The game lasted 00:08:35 (3435 turns).

JeffiDaFish the Chopper (Hill Orc Fighter)          Turns: 3435, Time: 00:08:36

Health: 0/61       AC: 10    Str: 21      XL:     7   Next: 20%
Magic:  7/7        EV:  8    Int:  8      God:
Gold:   227        SH:  9    Dex:  9 (10) Spells: 0 memorised, 6 levels left

rFire  . . .     SeeInvis .     a - +1 war axe
rCold  . . .     Gourm    .     b - +0 scale mail
rNeg   . . .     Faith    .     c - +0 shield
rPois  .         Spirit   .     (no helmet)
rElec  .         Reflect  .     (no cloak)
rCorr  .         Harm     .     e - +2 pair of gloves
MR     +....                    (no boots)
Stlth  ..........               k - amulet of magic regeneration
                                (no ring)
                                m - ring of protection from magic

@: no status effects
A: no striking features
a: no special abilities


You were on level 4 of the Dungeon.
You were hungry.

You visited 1 branch of the dungeon, and saw 4 of its levels.

You collected 227 gold pieces.

Inventory:

Hand Weapons
 a - a +1 war axe (weapon)
Armour
 b - a +0 scale mail (worn)
 c - a +0 shield (worn)
 e - a +2 pair of gloves (worn)
Jewellery
 k - an amulet of magic regeneration (around neck)
 m - a ring of protection from magic (left hand)
Potions
 d - a potion of might
Comestibles
 f - 3 bread rations
 g - a meat ration
 h - a royal jelly
 i - 3 chunks of flesh
 j - 2 beef jerkies
 l - a slice of pizza


   Skills:
 + Level 5.2 Fighting
 + Level 6.7 Axes
 + Level 4.7 Armour
 + Level 1.2 Dodging
 + Level 4.4 Shields


You had 6 spell levels left.
You didn't know any spells.

Dungeon Overview and Level Annotations

Branches:
Dungeon (4/15)
 Temple: D:4-7

Altars:


Message History

The ogre hits you with a giant club!!
* * * LOW HITPOINT WARNING * * *
A worker ant comes into view.
The worker ant twitches its antennae in your direction.
You are too injured to fight recklessly!
You are too injured to fight recklessly!
You are too injured to fight recklessly!
You are too injured to fight recklessly!
You hit the ogre.
The ogre is heavily wounded.
The ogre hits you with a giant club!
* * * LOW HITPOINT WARNING * * *
You hit the ogre.
The ogre is severely wounded.
The ogre completely misses you.
A scorpion comes into view.
Your scale mail prevents you from hitting the ogre.
The ogre is severely wounded.
The scorpion moves out of view.
The ogre hits you with a giant club.
You die...

#.# .. . #. .#
#.# S.. .. ..
.... #
.O.s##.###.....
(
..<............
. ##.#####.####
####
#...@Oca.....
#...
#.#.####.#### ##
#.## #....#
#.###.... #.##
####.###.....#
#...
#..##.######
####
##..........# #
...........###.#
#
.####........#.#
# #......#.#.# #


You could see an ogre, a centaur and a worker ant.

Vanquished Creatures
  2 ogres (D:4)
  A scorpion (D:4)
  A hound (D:4)
  Natasha (thrice) (D:2)
  3 gnolls (D:3)
  6 adders
  4 worms (D:3)
  2 dart slugs (D:1)
  4 leopard geckos
  11 orcs (D:3)
  A ball python (D:3)
  3 giant cockroaches
  5 goblins
  5 hobgoblins
  14 jackals
  8 kobolds
  9 bats
  3 frilled lizards
  8 rats
93 creatures vanquished.

Notes
Turn   | Place    | Note
-------+----------+-------------------------------------------
     0 | D:1      | JeffiDaFish the Hill Orc Fighter began the quest for the Orb.
     0 | D:1      | Reached XP level 1. HP: 19/19 MP: 1/1
    66 | D:1      | Reached XP level 2. HP: 26/27 MP: 2/2
   222 | D:1      | Reached skill level 3 in Axes
   405 | D:1      | Reached XP level 3. HP: 25/33 MP: 3/3
  1165 | D:2      | Reached XP level 4. HP: 40/40 MP: 4/4
  1225 | D:2      | Reached skill level 4 in Axes
  1248 | D:2      | Noticed Natasha
  1253 | D:2      | Killed Natasha
  1325 | D:2      | Noticed Natasha
  1339 | D:2      | Killed Natasha
  1342 | D:2      | Reached XP level 5. HP: 8/46 MP: 5/5
  1500 | D:2      | Noticed Natasha
  1504 | D:2      | Killed Natasha
  2087 | D:3      | Reached skill level 5 in Axes
  2443 | D:3      | Reached skill level 1 in Dodging
  2708 | D:3      | Reached XP level 6. HP: 53/53 MP: 6/6
  3409 | D:4      | Reached skill level 5 in Fighting
  3409 | D:4      | Reached skill level 6 in Axes
  3414 | D:4      | Reached XP level 7. HP: 46/61 MP: 7/7
  3433 | D:4      | HP: 1/61 [ogre/giant club (12)]
  3435 | D:4      | Slain by an ogre

Vault maps used:
D:1:      dpeg_arrival_boxorama
D:2:      st_stairs_1, uniq_natasha

Skill      XL: |  1  2  3  4  5  6 |
---------------+-------------------+-----
Axes           | 3 4 5 6 |  6.7
Fighting       | 4 5 |  5.2
Armour         | 4 |  4.7
Shields        | 4 |  4.4
Dodging        | 1 |  1.2

Action                   |  1- 3 |  4- 6 |  7- 9 || total
-------------------------+-------+-------+-------++-------
Melee: War axe           |    80 |   201 |    16 ||   297
  Use: Scroll            |     6 |     5 |       ||    11
       Potion            |     4 |     3 |       ||     7
  Eat: Chunk             |     1 |     7 |       ||     8
Armor: Scale mail        |    44 |    98 |     5 ||   147
Dodge: Dodged            |    45 |    63 |     3 ||   111
Block: Shield            |    59 |   108 |     7 ||   174
